Connexion

NEW JERSEY Devils vs WASHINGTON Capitals (R5)

Created - 9 septembre 2023 at 05:48

Goals
1 2 3 T
NEW JERSEY Devils 3 0 3 6
WASHINGTON Capitals 0 1 2 3
Shots
1 2 3 T
NEW JERSEY Devils 5 10 16 31
WASHINGTON Capitals 10 5 6 21

GoalsPenalties
1st period
1. NEW JERSEY Devils , Bryan Little 2 (Shayne Gostisbehere 11) at 6:54
2. NEW JERSEY Devils , Troy Terry 3 (Sam Bennett 3, Shayne Gostisbehere 12) at 16:04
3. NEW JERSEY Devils , Evgeni Malkin 6 (Max Domi 8, Roope Hintz 5) at 19:36
Max Domi (N.J) for High sticking (Minor) at 0:17
Mikey Eyssimont (WAS) for Hooking (Minor) at 12:52
Max Domi (N.J) for Hooking (Minor) at 12:52
2nd period
4. WASHINGTON Capitals , Shea Theodore 3 (Nikita Kucherov 13, Aleksander Barkov 10) at 6:15 (PP)
Shea Theodore (WAS) for Roughing (Minor) at 3:04
Brent Burns (N.J) for Holding (Minor) at 6:03
Jared McCann (WAS) for Hooking (Minor) at 16:06
3rd period
5. WASHINGTON Capitals , Shea Theodore 4 (Frederick Gaudreau 5, Brandon Hagel 7) at 3:38 (PP)
6. NEW JERSEY Devils , Anton Lundell 3 (Roope Hintz 6, Oliver Kylington 9) at 7:57 (PP)
7. NEW JERSEY Devils , Sam Bennett 4 (Shayne Gostisbehere 13, Evgeni Malkin 10) at 12:01 (PP)
8. WASHINGTON Capitals , Joel Kiviranta 1 (Dryden Hunt 1) at 12:45
9. NEW JERSEY Devils , Evgeni Malkin 7 (Roope Hintz 7) at 19:13
Kirill Marchenko (N.J) for Roughing (Minor) at 2:30
Wyatt Kalynuk (WAS) for Hooking (Minor) at 5:12
Haydn Fleury (WAS) for Interference (Minor) at 6:15
Haydn Fleury (WAS) for Goalie Interference (Minor) at 10:49
Goalie Stats
Tristan Jarry (N.J), 18 saves from 21 shots - (0,857), W, 4-4-1, 60:00 minutes
Jordan Binnington (WAS), 25 saves from 31 shots - (0,806), L, 7-3-2, 60:00 minutes
3 StarsOfficial
1 - Evgeni Malkin (N.J)
2 - Shayne Gostisbehere (N.J)
3 - Roope Hintz (N.J)
Referees : Eric Furlatt and Paul Devorski
Linesman : Brian Murphy and Tony Sericolo
Game Note
No Game Note
Finance
Level 1 -- Attendance: 4314 (71,90%) -- Ticket Income 711 810 $
Level 2 -- Attendance: 3564 (67,54%) -- Ticket Income 392 040 $
Level 3 -- Attendance: 1136 (56,80%) -- Ticket Income 96 560 $
Level 4 -- Attendance: 2255 (56,38%) -- Ticket Income 130 790 $
Luxury Box -- Attendance: 1000 (100,00%) -- Ticket Income 250 000 $
Game was played at the Verizon Center.
Total Attendance: 12269 (67,13%)
Total Ticket Income: 1 581 200 $
Other Income: 316 240 $
Total Income: 1 897 440 $



Team Name Goals Shots Shots Attemp Shots Blocked PIM HIT PP PK FO%
NEW JERSEY Devils 6316968182 / 5 (40%)259%
WASHINGTON Capitals 321441112132 / 3 (67%)241%

NEW JERSEY Devils
Player Name POS G A P +/- PIM HIT SHT SB MP PP MP PP SHT PK MP PK SHT FO% FOT
Anton LundellC1011002018:583:4821:01054% 26
Brent BurnsD0004221020:593:3010:0000% 0
Bryan LittleC/RW1011002012:370:0002:18056% 18
Erik JohnsonD0000022215:530:0002:0400% 0
Evgeni MalkinC/RW2132014022:134:0710:000100% 1
Jordan HarrisD0000001115:530:0002:0400% 0
Kirill MarchenkoRW0001200010:180:0000:0000% 0
Max DomiC/LW0112422021:004:0710:00092% 13
Maxime ComtoisLW000-101006:350:0000:0000% 0
Oliver KylingtonD011-1002122:544:1211:1500% 0
Rem PitlickC/LW/RW0001003111:070:0000:0000% 0
Roope HintzC/LW0332003021:254:3010:00050% 4
Ryan HartmanC/RW000-100006:250:0001:0100% 0
Sam BennettC/LW1121022019:523:2522:18033% 6
Samuel GirardD000-1014123:074:2521:1500% 0
Sean KuralyC/LW000-102006:120:0000:00050% 10
Shayne GostisbehereD0334041021:133:4310:0000% 0
Troy TerryRW1011012017:573:4810:000100% 1
WASHINGTON Capitals
Player Name POS G A P +/- PIM HIT SHT SB MP PP MP PP SHT PK MP PK SHT FO% FOT
Aleksander BarkovC0110002018:481:2010:16053% 19
Alex KillornC/LW/RW0000001117:360:1905:25050% 2
Andreas JohnssonLW/RW0000000011:330:0000:0000% 0
Brandon HagelLW0110031020:121:4001:200100% 2
Denis GurianovLW/RW000-3020016:031:5900:0000% 2
Dryden HuntC/LW011000105:260:0000:00029% 7
Frederick GaudreauC/RW011-3003120:531:5904:57050% 28
Givani SmithRW000000005:260:0000:000100% 1
Haydn FleuryD0000410123:141:0802:0900% 0
Jared McCannC/LW000-3200015:471:2001:0200% 2
Joel HanleyD000-2023120:592:1123:5000% 0
Joel KivirantaLW101000216:230:0000:0700% 0
Mikey EyssimontC/LW0000220012:290:0001:47014% 14
Nick JensenD000-2000219:561:0803:5000% 0
Nikita KucherovRW0110016018:321:2020:0000% 2
Shea TheodoreD2020202325:131:5223:2400% 0
Slater KoekkoekD000-1000016:260:0002:3600% 0
Wyatt KalynukD000-1220114:080:1900:0000% 0



Play-by-Play

1st period


0:01 of 1st period - Aleksander Barkov wins face-off versus Max Domi in neutral zone.
0:17 of 1st period - Minor Penalty to Max Domi for High sticking.
0:18 of 1st period - Frederick Gaudreau wins face-off versus Bryan Little in NEW JERSEY Devils zone.
0:18 of 1st period - Frederick Gaudreau is hit by Erik Johnson.
0:24 of 1st period - Shot by Denis Gurianov.
0:24 of 1st period - Shot Blocked by Erik Johnson.
0:26 of 1st period - Shot by Frederick Gaudreau.
0:26 of 1st period - Shot Misses the Net.
0:28 of 1st period - Shot by Joel Hanley.
0:28 of 1st period - Stopped by Tristan Jarry without a rebound.
0:29 of 1st period - Anton Lundell wins face-off versus Aleksander Barkov in NEW JERSEY Devils zone.
0:40 of 1st period - Samuel Girard is hit by Nikita Kucherov and loses puck.
0:59 of 1st period - Shot by Nikita Kucherov.
0:59 of 1st period - Stopped by Tristan Jarry without a rebound.
1:00 of 1st period - Frederick Gaudreau wins face-off versus Bryan Little in NEW JERSEY Devils zone.
2:08 of 1st period - Jared McCann is hit by Erik Johnson and loses puck.
3:33 of 1st period - Dryden Hunt is hit by Brent Burns and loses puck.
4:01 of 1st period - Shot by Aleksander Barkov.
4:01 of 1st period - Stopped by Tristan Jarry without a rebound.
4:02 of 1st period - Frederick Gaudreau wins face-off versus Anton Lundell in NEW JERSEY Devils zone.
5:18 of 1st period - Shot by Nikita Kucherov.
5:18 of 1st period - Stopped by Tristan Jarry without a rebound.
5:19 of 1st period - Brandon Hagel wins face-off versus Sean Kuraly in NEW JERSEY Devils zone.
5:35 of 1st period - Icing by Erik Johnson.
5:36 of 1st period - Sean Kuraly wins face-off versus Mikey Eyssimont in NEW JERSEY Devils zone.
5:36 of 1st period - Sean Kuraly is hit by Mikey Eyssimont.
5:46 of 1st period - Shot by Ryan Hartman.
5:46 of 1st period - Shot Misses the Net.
6:00 of 1st period - Shot by Alex Killorn.
6:00 of 1st period - Stopped by Tristan Jarry without a rebound.
6:01 of 1st period - Anton Lundell wins face-off versus Aleksander Barkov in NEW JERSEY Devils zone.
6:03 of 1st period - Icing by Troy Terry.
6:04 of 1st period - Aleksander Barkov wins face-off versus Anton Lundell in NEW JERSEY Devils zone.
6:43 of 1st period - Off-side.
6:44 of 1st period - Bryan Little wins face-off versus Frederick Gaudreau in neutral zone.
6:54 of 1st period - Shot by Bryan Little.
6:54 of 1st period - Goal by Bryan Little - NEW JERSEY Devils : 1 - WASHINGTON Capitals : 0.
6:55 of 1st period - Max Domi wins face-off versus Mikey Eyssimont in neutral zone.
7:00 of 1st period - Shot by Max Domi.
7:00 of 1st period - Shot Misses the Net.
7:26 of 1st period - Shot by Max Domi.
7:26 of 1st period - Shot Blocked by Nick Jensen.
8:21 of 1st period - Shot by Nikita Kucherov.
8:21 of 1st period - Shot Misses the Net.
8:49 of 1st period - Shot by Denis Gurianov.
8:49 of 1st period - Deflect By Frederick Gaudreau.
8:49 of 1st period - Shot Misses the Net.
8:51 of 1st period - Shot by Frederick Gaudreau.
8:51 of 1st period - Shot Misses the Net.
8:57 of 1st period - Shot by Frederick Gaudreau.
8:57 of 1st period - Stopped by Tristan Jarry with a rebound.
9:12 of 1st period - Shot by Frederick Gaudreau.
9:12 of 1st period - Stopped by Tristan Jarry without a rebound.
9:13 of 1st period - Anton Lundell wins face-off versus Dryden Hunt in NEW JERSEY Devils zone.
9:17 of 1st period - Off-side.
9:18 of 1st period - Anton Lundell wins face-off versus Dryden Hunt in neutral zone.
9:23 of 1st period - Icing by Joel Kiviranta.
9:24 of 1st period - Givani Smith wins face-off versus Anton Lundell in WASHINGTON Capitals zone.
9:41 of 1st period - Shot by Dryden Hunt.
9:41 of 1st period - Stopped by Tristan Jarry without a rebound.
9:42 of 1st period - Aleksander Barkov wins face-off versus Bryan Little in NEW JERSEY Devils zone.
9:45 of 1st period - Shot by Nikita Kucherov.
9:45 of 1st period - Deflect By Aleksander Barkov.
9:45 of 1st period - Shot Misses the Net.
9:48 of 1st period - Icing by Brent Burns.
9:49 of 1st period - Aleksander Barkov wins face-off versus Bryan Little in NEW JERSEY Devils zone.
10:36 of 1st period - Icing by Brent Burns.
10:37 of 1st period - Bryan Little wins face-off versus Frederick Gaudreau in NEW JERSEY Devils zone.
10:37 of 1st period - Bryan Little is hit by Denis Gurianov.
10:40 of 1st period - Icing by Shayne Gostisbehere.
10:41 of 1st period - Bryan Little wins face-off versus Frederick Gaudreau in NEW JERSEY Devils zone.
12:12 of 1st period - Shot by Nikita Kucherov.
12:12 of 1st period - Deflect By Aleksander Barkov.
12:12 of 1st period - Shot Misses the Net.
12:14 of 1st period - Shot by Aleksander Barkov.
12:14 of 1st period - Shot Misses the Net.
12:52 of 1st period - Minor Penalty to Mikey Eyssimont for Hooking.
12:52 of 1st period - Minor Penalty to Max Domi for Hooking.
12:53 of 1st period - Evgeni Malkin wins face-off versus Denis Gurianov in neutral zone.
13:50 of 1st period - Shot by Andreas Johnsson.
13:50 of 1st period - Shot Blocked by Erik Johnson.
15:07 of 1st period - Icing by Haydn Fleury.
15:08 of 1st period - Max Domi wins face-off versus Aleksander Barkov in WASHINGTON Capitals zone.
16:04 of 1st period - Shot by Sam Bennett.
16:04 of 1st period - Deflect By Troy Terry.
16:04 of 1st period - Goal by Troy Terry - NEW JERSEY Devils : 2 - WASHINGTON Capitals : 0.
16:05 of 1st period - Sean Kuraly wins face-off versus Mikey Eyssimont in neutral zone.
16:15 of 1st period - Samuel Girard is hit by Joel Hanley and loses puck.
17:17 of 1st period - Icing by Shayne Gostisbehere.
17:18 of 1st period - Aleksander Barkov wins face-off versus Anton Lundell in NEW JERSEY Devils zone.
17:18 of 1st period - Nikita Kucherov is hit by Shayne Gostisbehere and loses puck.
17:43 of 1st period - Shot by Brandon Hagel.
17:43 of 1st period - Stopped by Tristan Jarry without a rebound.
17:44 of 1st period - Max Domi wins face-off versus Frederick Gaudreau in NEW JERSEY Devils zone.
17:57 of 1st period - Shot by Max Domi.
17:57 of 1st period - Stopped by Jordan Binnington without a rebound.
17:58 of 1st period - Brandon Hagel wins face-off versus Bryan Little in WASHINGTON Capitals zone.
18:39 of 1st period - Shot by Nikita Kucherov.
18:39 of 1st period - Stopped by Tristan Jarry with a rebound.
18:41 of 1st period - Shot by Nikita Kucherov.
18:41 of 1st period - Shot Blocked by Rem Pitlick.
18:43 of 1st period - Shot by Nikita Kucherov.
18:43 of 1st period - Shot Misses the Net.
19:23 of 1st period - Max Domi is hit by Wyatt Kalynuk and loses puck.
19:32 of 1st period - Shot by Max Domi.
19:32 of 1st period - Deflect By Roope Hintz.
19:32 of 1st period - Stopped by Jordan Binnington with a rebound.
19:36 of 1st period - Shot by Evgeni Malkin.
19:36 of 1st period - Goal by Evgeni Malkin - NEW JERSEY Devils : 3 - WASHINGTON Capitals : 0.
19:37 of 1st period - Troy Terry wins face-off versus Dryden Hunt in neutral zone.
19:55 of 1st period - Joel Hanley is hit by Sam Bennett and loses puck.
Goals for this period are 3 for NEW JERSEY Devils vs 0 for WASHINGTON Capitals.
Shots for this period are 5 for NEW JERSEY Devils vs 10 for WASHINGTON Capitals.

2nd period


0:01 of 2nd period - Max Domi wins face-off versus Frederick Gaudreau in neutral zone.
0:18 of 2nd period - Shot by Evgeni Malkin.
0:18 of 2nd period - Stopped by Jordan Binnington with a rebound.
0:35 of 2nd period - Off-side.
0:36 of 2nd period - Anton Lundell wins face-off versus Nikita Kucherov in neutral zone.
0:54 of 2nd period - Off-side.
0:55 of 2nd period - Mikey Eyssimont wins face-off versus Bryan Little in neutral zone.
1:32 of 2nd period - Shot by Jordan Harris.
1:32 of 2nd period - Shot Misses the Net.
1:34 of 2nd period - Shot by Jordan Harris.
1:34 of 2nd period - Stopped by Jordan Binnington without a rebound.
1:35 of 2nd period - Max Domi wins face-off versus Aleksander Barkov in WASHINGTON Capitals zone.
1:35 of 2nd period - Roope Hintz is hit by Haydn Fleury and loses puck.
1:54 of 2nd period - Shot by Max Domi.
1:54 of 2nd period - Shot Misses the Net.
1:57 of 2nd period - Icing by Haydn Fleury.
1:58 of 2nd period - Aleksander Barkov wins face-off versus Anton Lundell in WASHINGTON Capitals zone.
2:21 of 2nd period - Shot by Nikita Kucherov.
2:21 of 2nd period - Stopped by Tristan Jarry with a rebound.
2:33 of 2nd period - Shot by Sam Bennett.
2:33 of 2nd period - Deflect By Troy Terry.
2:33 of 2nd period - Shot Blocked by Shea Theodore.
3:02 of 2nd period - Haydn Fleury is hit by Evgeni Malkin and loses puck.
3:04 of 2nd period - Minor Penalty to Shea Theodore for Roughing.
3:05 of 2nd period - Frederick Gaudreau wins face-off versus Sam Bennett in WASHINGTON Capitals zone.
3:44 of 2nd period - Icing by Brent Burns.
3:45 of 2nd period - Anton Lundell wins face-off versus Frederick Gaudreau in NEW JERSEY Devils zone.
3:56 of 2nd period - Shot by Roope Hintz.
3:56 of 2nd period - Stopped by Jordan Binnington with a rebound.
3:58 of 2nd period - Shot by Brent Burns.
3:58 of 2nd period - Stopped by Jordan Binnington without a rebound.
3:59 of 2nd period - Frederick Gaudreau wins face-off versus Anton Lundell in WASHINGTON Capitals zone.
5:21 of 2nd period - Shot by Kirill Marchenko.
5:21 of 2nd period - Shot Misses the Net.
5:23 of 2nd period - Shot by Jordan Harris.
5:23 of 2nd period - Shot Blocked by Joel Kiviranta.
5:29 of 2nd period - Shot by Bryan Little.
5:29 of 2nd period - Shot Blocked by Wyatt Kalynuk.
5:43 of 2nd period - Shot by Rem Pitlick.
5:43 of 2nd period - Stopped by Jordan Binnington without a rebound.
5:44 of 2nd period - Sean Kuraly wins face-off versus Nikita Kucherov in WASHINGTON Capitals zone.
5:48 of 2nd period - Icing by Joel Hanley.
5:49 of 2nd period - Sean Kuraly wins face-off versus Aleksander Barkov in WASHINGTON Capitals zone.
6:03 of 2nd period - Minor Penalty to Brent Burns for Holding.
6:04 of 2nd period - Bryan Little wins face-off versus Aleksander Barkov in NEW JERSEY Devils zone.
6:11 of 2nd period - Shot by Jared McCann.
6:11 of 2nd period - Shot Misses the Net.
6:13 of 2nd period - Shot by Aleksander Barkov.
6:13 of 2nd period - Deflect By Nikita Kucherov.
6:13 of 2nd period - Stopped by Tristan Jarry with a rebound.
6:15 of 2nd period - Shot by Shea Theodore.
6:15 of 2nd period - Goal by Shea Theodore - NEW JERSEY Devils : 3 - WASHINGTON Capitals : 1.
6:16 of 2nd period - Max Domi wins face-off versus Mikey Eyssimont in neutral zone.
6:31 of 2nd period - Evgeni Malkin is hit by Mikey Eyssimont and loses puck.
6:42 of 2nd period - Shot by Andreas Johnsson.
6:42 of 2nd period - Shot Misses the Net.
6:44 of 2nd period - Shot by Shea Theodore.
6:44 of 2nd period - Shot Misses the Net.
6:46 of 2nd period - Shot by Haydn Fleury.
6:46 of 2nd period - Shot Misses the Net.
8:33 of 2nd period - Shot by Rem Pitlick.
8:33 of 2nd period - Stopped by Jordan Binnington without a rebound.
8:34 of 2nd period - Aleksander Barkov wins face-off versus Sean Kuraly in WASHINGTON Capitals zone.
8:39 of 2nd period - Shot by Brandon Hagel.
8:39 of 2nd period - Shot Blocked by Samuel Girard.
8:45 of 2nd period - Shot by Aleksander Barkov.
8:45 of 2nd period - Shot Misses the Net.
8:51 of 2nd period - Shea Theodore is hit by Sean Kuraly and loses puck.
10:09 of 2nd period - Icing by Jordan Harris.
10:10 of 2nd period - Max Domi wins face-off versus Dryden Hunt in NEW JERSEY Devils zone.
10:40 of 2nd period - Shot by Joel Kiviranta.
10:40 of 2nd period - Stopped by Tristan Jarry without a rebound.
10:41 of 2nd period - Bryan Little wins face-off versus Mikey Eyssimont in NEW JERSEY Devils zone.
11:19 of 2nd period - Icing by Andreas Johnsson.
11:20 of 2nd period - Anton Lundell wins face-off versus Mikey Eyssimont in WASHINGTON Capitals zone.
11:59 of 2nd period - Icing by Jared McCann.
12:00 of 2nd period - Max Domi wins face-off versus Frederick Gaudreau in WASHINGTON Capitals zone.
12:35 of 2nd period - Shot by Roope Hintz.
12:35 of 2nd period - Stopped by Jordan Binnington with a rebound.
13:29 of 2nd period - Shot by Nikita Kucherov.
13:29 of 2nd period - Stopped by Tristan Jarry without a rebound.
13:30 of 2nd period - Dryden Hunt wins face-off versus Anton Lundell in NEW JERSEY Devils zone.
13:43 of 2nd period - Shot by Anton Lundell.
13:43 of 2nd period - Shot Misses the Net.
13:45 of 2nd period - Shot by Shayne Gostisbehere.
13:45 of 2nd period - Shot Misses the Net.
14:53 of 2nd period - Shot by Oliver Kylington.
14:53 of 2nd period - Stopped by Jordan Binnington with a rebound.
15:24 of 2nd period - Shot by Kirill Marchenko.
15:24 of 2nd period - Shot Misses the Net.
15:26 of 2nd period - Shot by Erik Johnson.
15:26 of 2nd period - Stopped by Jordan Binnington with a rebound.
15:30 of 2nd period - Shot by Rem Pitlick.
15:30 of 2nd period - Stopped by Jordan Binnington without a rebound.
15:31 of 2nd period - Frederick Gaudreau wins face-off versus Sean Kuraly in WASHINGTON Capitals zone.
15:31 of 2nd period - Frederick Gaudreau is hit by Maxime Comtois.
15:40 of 2nd period - Frederick Gaudreau is hit by Shayne Gostisbehere and loses puck.
15:55 of 2nd period - Shayne Gostisbehere is hit by Denis Gurianov.
16:06 of 2nd period - Minor Penalty to Jared McCann for Hooking.
16:07 of 2nd period - Frederick Gaudreau wins face-off versus Anton Lundell in WASHINGTON Capitals zone.
16:36 of 2nd period - Samuel Girard is hit by Brandon Hagel and loses puck.
17:06 of 2nd period - Off-side.
17:07 of 2nd period - Frederick Gaudreau wins face-off versus Sam Bennett in neutral zone.
18:29 of 2nd period - Shot by Dryden Hunt.
18:29 of 2nd period - Shot Misses the Net.
Goals for this period are 0 for NEW JERSEY Devils vs 1 for WASHINGTON Capitals.
Shots for this period are 10 for NEW JERSEY Devils vs 5 for WASHINGTON Capitals.

3rd period


0:01 of 3rd period - Aleksander Barkov wins face-off versus Anton Lundell in neutral zone.
0:01 of 3rd period - Nikita Kucherov is hit by Sam Bennett and loses puck.
0:21 of 3rd period - Icing by Anton Lundell.
0:22 of 3rd period - Anton Lundell wins face-off versus Frederick Gaudreau in NEW JERSEY Devils zone.
0:27 of 3rd period - Shot by Troy Terry.
0:27 of 3rd period - Shot Blocked by Joel Hanley.
0:37 of 3rd period - Shot by Frederick Gaudreau.
0:37 of 3rd period - Stopped by Tristan Jarry with a rebound.
1:43 of 3rd period - Shot by Evgeni Malkin.
1:43 of 3rd period - Shot Misses the Net.
1:49 of 3rd period - Shot by Roope Hintz.
1:49 of 3rd period - Shot Misses the Net.
1:51 of 3rd period - Shot by Samuel Girard.
1:51 of 3rd period - Stopped by Jordan Binnington with a rebound.
2:30 of 3rd period - Minor Penalty to Kirill Marchenko for Roughing.
2:31 of 3rd period - Bryan Little wins face-off versus Frederick Gaudreau in NEW JERSEY Devils zone.
2:49 of 3rd period - Shot by Joel Hanley.
2:49 of 3rd period - Stopped by Tristan Jarry without a rebound.
2:50 of 3rd period - Aleksander Barkov wins face-off versus Bryan Little in NEW JERSEY Devils zone.
2:59 of 3rd period - Shot by Aleksander Barkov.
2:59 of 3rd period - Stopped by Tristan Jarry without a rebound.
3:00 of 3rd period - Bryan Little wins face-off versus Frederick Gaudreau in NEW JERSEY Devils zone.
3:22 of 3rd period - Icing by Shea Theodore.
3:23 of 3rd period - Anton Lundell wins face-off versus Denis Gurianov in WASHINGTON Capitals zone.
3:38 of 3rd period - Shot by Shea Theodore.
3:38 of 3rd period - Goal by Shea Theodore - NEW JERSEY Devils : 3 - WASHINGTON Capitals : 2.
3:39 of 3rd period - Max Domi wins face-off versus Mikey Eyssimont in neutral zone.
3:42 of 3rd period - Slater Koekkoek is hit by Max Domi and loses puck.
4:05 of 3rd period - Shot by Alex Killorn.
4:05 of 3rd period - Shot Blocked by Oliver Kylington.
4:18 of 3rd period - Icing by Mikey Eyssimont.
4:19 of 3rd period - Bryan Little wins face-off versus Mikey Eyssimont in WASHINGTON Capitals zone.
4:19 of 3rd period - Bryan Little is hit by Wyatt Kalynuk.
4:30 of 3rd period - Icing by Slater Koekkoek.
4:31 of 3rd period - Mikey Eyssimont wins face-off versus Anton Lundell in WASHINGTON Capitals zone.
4:31 of 3rd period - Alex Killorn is hit by Troy Terry and loses puck.
4:51 of 3rd period - Icing by Mikey Eyssimont.
4:52 of 3rd period - Max Domi wins face-off versus Mikey Eyssimont in WASHINGTON Capitals zone.
5:12 of 3rd period - Minor Penalty to Wyatt Kalynuk for Hooking.
5:13 of 3rd period - Frederick Gaudreau wins face-off versus Roope Hintz in WASHINGTON Capitals zone.
5:26 of 3rd period - Shot by Troy Terry.
5:26 of 3rd period - Shot Hit the Post.
5:38 of 3rd period - Shot by Anton Lundell.
5:38 of 3rd period - Shot Misses the Net.
5:40 of 3rd period - Shot by Shayne Gostisbehere.
5:40 of 3rd period - Shot Blocked by Haydn Fleury.
5:46 of 3rd period - Shot by Samuel Girard.
5:46 of 3rd period - Stopped by Jordan Binnington without a rebound.
5:47 of 3rd period - Frederick Gaudreau wins face-off versus Sam Bennett in WASHINGTON Capitals zone.
6:10 of 3rd period - Shot by Oliver Kylington.
6:10 of 3rd period - Stopped by Jordan Binnington without a rebound.
6:11 of 3rd period - Anton Lundell wins face-off versus Jared McCann in WASHINGTON Capitals zone.
6:15 of 3rd period - Minor Penalty to Haydn Fleury for Interference.
6:16 of 3rd period - Sam Bennett wins face-off versus Alex Killorn in WASHINGTON Capitals zone.
6:23 of 3rd period - Shot by Max Domi.
6:23 of 3rd period - Shot Misses the Net.
6:49 of 3rd period - Shot by Shayne Gostisbehere.
6:49 of 3rd period - Stopped by Jordan Binnington with a rebound.
6:51 of 3rd period - Shot by Sam Bennett.
6:51 of 3rd period - Stopped by Jordan Binnington without a rebound.
6:52 of 3rd period - Anton Lundell wins face-off versus Aleksander Barkov in WASHINGTON Capitals zone.
7:07 of 3rd period - Shot by Troy Terry.
7:07 of 3rd period - Stopped by Jordan Binnington without a rebound.
7:08 of 3rd period - Alex Killorn wins face-off versus Anton Lundell in WASHINGTON Capitals zone.
7:15 of 3rd period - Shot by Brent Burns.
7:15 of 3rd period - Shot Misses the Net.
7:17 of 3rd period - Shot by Anton Lundell.
7:17 of 3rd period - Stopped by Jordan Binnington without a rebound.
7:18 of 3rd period - Frederick Gaudreau wins face-off versus Sam Bennett in WASHINGTON Capitals zone.
7:37 of 3rd period - Shot by Evgeni Malkin.
7:37 of 3rd period - Stopped by Jordan Binnington without a rebound.
7:38 of 3rd period - Anton Lundell wins face-off versus Frederick Gaudreau in WASHINGTON Capitals zone.
7:57 of 3rd period - Shot by Anton Lundell.
7:57 of 3rd period - Goal by Anton Lundell - NEW JERSEY Devils : 4 - WASHINGTON Capitals : 2.
7:58 of 3rd period - Bryan Little wins face-off versus Aleksander Barkov in neutral zone.
8:10 of 3rd period - Shot by Bryan Little.
8:10 of 3rd period - Shot Misses the Net.
8:12 of 3rd period - Shot by Erik Johnson.
8:12 of 3rd period - Stopped by Jordan Binnington without a rebound.
8:13 of 3rd period - Max Domi wins face-off versus Frederick Gaudreau in WASHINGTON Capitals zone.
8:24 of 3rd period - Shot by Evgeni Malkin.
8:24 of 3rd period - Shot Misses the Net.
8:26 of 3rd period - Shot by Samuel Girard.
8:26 of 3rd period - Shot Blocked by Shea Theodore.
8:30 of 3rd period - Shot by Roope Hintz.
8:30 of 3rd period - Shot Misses the Net.
8:44 of 3rd period - Shot by Max Domi.
8:44 of 3rd period - Shot Misses the Net.
9:15 of 3rd period - Shot by Joel Hanley.
9:15 of 3rd period - Stopped by Tristan Jarry without a rebound.
9:16 of 3rd period - Anton Lundell wins face-off versus Mikey Eyssimont in NEW JERSEY Devils zone.
10:25 of 3rd period - Icing by Anton Lundell.
10:26 of 3rd period - Frederick Gaudreau wins face-off versus Anton Lundell in NEW JERSEY Devils zone.
10:26 of 3rd period - Frederick Gaudreau is hit by Brent Burns.
10:37 of 3rd period - Denis Gurianov is hit by Shayne Gostisbehere and loses puck.
10:49 of 3rd period - Minor Penalty to Haydn Fleury for Goalie Interference.
10:50 of 3rd period - Roope Hintz wins face-off versus Frederick Gaudreau in WASHINGTON Capitals zone.
11:00 of 3rd period - Shot by Roope Hintz.
11:00 of 3rd period - Shot Misses the Net.
11:06 of 3rd period - Shot by Max Domi.
11:06 of 3rd period - Stopped by Jordan Binnington without a rebound.
11:07 of 3rd period - Frederick Gaudreau wins face-off versus Roope Hintz in WASHINGTON Capitals zone.
11:07 of 3rd period - Frederick Gaudreau is hit by Max Domi.
11:31 of 3rd period - Shot by Samuel Girard.
11:31 of 3rd period - Stopped by Jordan Binnington without a rebound.
11:32 of 3rd period - Sam Bennett wins face-off versus Jared McCann in WASHINGTON Capitals zone.
11:33 of 3rd period - Shot by Samuel Girard.
11:33 of 3rd period - Shot Misses the Net.
11:51 of 3rd period - Shot by Shayne Gostisbehere.
11:51 of 3rd period - Shot Misses the Net.
11:53 of 3rd period - Shot by Max Domi.
11:53 of 3rd period - Shot Misses the Net.
11:55 of 3rd period - Shot by Samuel Girard.
11:55 of 3rd period - Shot Blocked by Shea Theodore.
11:57 of 3rd period - Shot by Evgeni Malkin.
11:57 of 3rd period - Shot Misses the Net.
11:59 of 3rd period - Shot by Shayne Gostisbehere.
11:59 of 3rd period - Shot Blocked by Frederick Gaudreau.
12:01 of 3rd period - Shot by Sam Bennett.
12:01 of 3rd period - Goal by Sam Bennett - NEW JERSEY Devils : 5 - WASHINGTON Capitals : 2.
12:02 of 3rd period - Aleksander Barkov wins face-off versus Bryan Little in neutral zone.
12:15 of 3rd period - Shot by Nikita Kucherov.
12:15 of 3rd period - Shot Misses the Net.
12:21 of 3rd period - Shot by Aleksander Barkov.
12:21 of 3rd period - Shot Blocked by Jordan Harris.
12:27 of 3rd period - Shot by Nikita Kucherov.
12:27 of 3rd period - Shot Misses the Net.
12:29 of 3rd period - Shot by Brandon Hagel.
12:29 of 3rd period - Shot Misses the Net.
12:39 of 3rd period - Shot by Bryan Little.
12:39 of 3rd period - Stopped by Jordan Binnington without a rebound.
12:40 of 3rd period - Dryden Hunt wins face-off versus Sean Kuraly in WASHINGTON Capitals zone.
12:45 of 3rd period - Shot by Joel Kiviranta.
12:45 of 3rd period - Goal by Joel Kiviranta - NEW JERSEY Devils : 5 - WASHINGTON Capitals : 3.
12:46 of 3rd period - Frederick Gaudreau wins face-off versus Sean Kuraly in neutral zone.
12:48 of 3rd period - Jared McCann is hit by Samuel Girard and loses puck.
12:59 of 3rd period - Haydn Fleury is hit by Sean Kuraly and loses puck.
13:20 of 3rd period - Icing by Haydn Fleury.
13:21 of 3rd period - Roope Hintz wins face-off versus Frederick Gaudreau in WASHINGTON Capitals zone.
13:29 of 3rd period - Frederick Gaudreau is hit by Shayne Gostisbehere and loses puck.
13:42 of 3rd period - Shot by Max Domi.
13:42 of 3rd period - Shot Misses the Net.
13:44 of 3rd period - Shot by Max Domi.
13:44 of 3rd period - Shot Misses the Net.
14:48 of 3rd period - Sam Bennett is hit by Brandon Hagel and loses puck.
15:13 of 3rd period - Icing by Jordan Harris.
15:14 of 3rd period - Anton Lundell wins face-off versus Mikey Eyssimont in NEW JERSEY Devils zone.
15:24 of 3rd period - Icing by Slater Koekkoek.
15:25 of 3rd period - Bryan Little wins face-off versus Mikey Eyssimont in WASHINGTON Capitals zone.
16:46 of 3rd period - Shot by Brent Burns.
16:46 of 3rd period - Shot Blocked by Alex Killorn.
16:48 of 3rd period - Shot by Evgeni Malkin.
16:48 of 3rd period - Shot Misses the Net.
17:07 of 3rd period - Shayne Gostisbehere is hit by Joel Hanley and loses puck.
17:20 of 3rd period - Anton Lundell is hit by Brandon Hagel.
18:19 of 3rd period - Shot by Bryan Little.
18:19 of 3rd period - Shot Misses the Net.
18:21 of 3rd period - Shot by Samuel Girard.
18:21 of 3rd period - Stopped by Jordan Binnington without a rebound.
18:22 of 3rd period - Sean Kuraly wins face-off versus Dryden Hunt in WASHINGTON Capitals zone.
19:13 of 3rd period - Shot by Evgeni Malkin.
19:13 of 3rd period - Goal by Evgeni Malkin - NEW JERSEY Devils : 6 - WASHINGTON Capitals : 3.
19:14 of 3rd period - Max Domi wins face-off versus Aleksander Barkov in neutral zone.
19:57 of 3rd period - Shot by Roope Hintz.
19:57 of 3rd period - Deflect By Evgeni Malkin.
19:57 of 3rd period - Shot Blocked by Nick Jensen.
Goals for this period are 3 for NEW JERSEY Devils vs 2 for WASHINGTON Capitals.
Shots for this period are 16 for NEW JERSEY Devils vs 6 for WASHINGTON Capitals.